TOP OF THE 1ST |
Montreal Expos batting - Pitching for Boston Red Sox : RHP Reece Nichols
|
Pitching: RHP Reece Nichols
|
|
Batting: LHB Bill McGregor
|
0-0: Ball 1-0: Ball 2-0: Foul Ball, location: 2F 2-1: Ground out 5-3 (Groundball, 56S, EV 68.1 MPH)
|
Batting: RHB Steve French
|
0-0: Ball 1-0: Called Strike 1-1: Ball 2-1: Called Strike 2-2: Strikes out swinging
|
Batting: SHB Joey Pacheco
|
0-0: Ball 1-0: Foul Ball, location: 2F 1-1: Called Strike 1-2: Ball 2-2: DOUBLE (Flyball, 89XD, EV 97.5 MPH)
|
Batting: LHB Mark Marvin
|
0-0: Swinging Strike 0-1: Foul Ball, location: 2F 0-2: Ball 1-2: Ball 2-2: Ball 3-2: Strikes out swinging
|
Top of the 1st over - 0 runs, 1 hit, 0 errors, 1 left on base; Montreal 0 - Boston 0 |
BOTTOM OF THE 1ST |
Boston Red Sox batting - Pitching for Montreal Expos : RHP Steve Barrett
|
Pitching: RHP Steve Barrett
|
|
Batting: RHB Alois Wollf
|
0-0: Foul Ball, location: 2F 0-1: Called Strike 0-2: Ball 1-2: Strikes out swinging
|
Batting: LHB Kevin McCormic Jr.
|
0-0: Foul Ball, location: 2F 0-1: Ball 1-1: Ball 2-1: Ball 3-1: Called Strike 3-2: Base on Balls
|
Batting: RHB David Price Jr.
|
0-0: Foul Ball, location: 2F 0-1: Grounds into double play, 4-6-3 (Groundball, 4, EV 78.8 MPH)
|
Bottom of the 1st over - 0 runs, 0 hits, 0 errors, 0 left on base; Montreal 0 - Boston 0 |
TOP OF THE 2ND |
Montreal Expos batting - Pitching for Boston Red Sox : RHP Reece Nichols
|
Batting: LHB Steve Anderson
|
0-0: Ball 1-0: Ball 2-0: Fly out, F9 (Flyball, 89D, EV 84.4 MPH)
|
Batting: RHB Jonathan Fraire
|
0-0: Foul Ball, location: 2F 0-1: Ground out 6-3 (Groundball, 6, EV 85.6 MPH)
|
Batting: SHB Lou Kroneman
|
0-0: Called Strike 0-1: Ball 1-1: Ball 2-1: Ball 3-1: SOLO HOME RUN (Line Drive, 9LD, EV 93.1 MPH), Distance : 330 ft
|
Batting: RHB John Ham
|
0-0: Ground out 3-1 (Groundball, 34, EV 106.2 MPH)
|
Top of the 2nd over - 1 run, 1 hit, 0 errors, 0 left on base; Montreal 1 - Boston 0 |
BOTTOM OF THE 2ND |
Boston Red Sox batting - Pitching for Montreal Expos : RHP Steve Barrett
|
Batting: LHB Jarrett Mordecai
|
0-0: Ball 1-0: Ball 2-0: Called Strike 2-1: Fly out, F9 (Line Drive, 9S, EV 94.4 MPH)
|
Batting: LHB Sakae Kasahara
|
0-0: Ball 1-0: Ball 2-0: Fly out, F8 (Flyball, 8LD, EV 93.8 MPH)
|
Batting: RHB Jose Diaz
|
0-0: Ball 1-0: Called Strike 1-1: Called Strike 1-2: Ball 2-2: Strikes out swinging
|
Bottom of the 2nd over - 0 runs, 0 hits, 0 errors, 0 left on base; Montreal 1 - Boston 0 |
TOP OF THE 3RD |
Montreal Expos batting - Pitching for Boston Red Sox : RHP Reece Nichols
|
Batting: RHB Eugênio Asceno
|
0-0: Ball 1-0: Ball 2-0: Called Strike 2-1: Ball 3-1: Called Strike 3-2: SINGLE (Groundball, 6S, EV 72.5 MPH) (infield hit)
|
Batting: LHB Bill McGregor
|
0-0: Foul Ball, location: 2F 0-1: Swinging Strike 0-2: Strikes out swinging
|
Batting: RHB Steve French
|
0-0: Fly out, F8 (Flyball, 8RD, EV 97.5 MPH)
|
Batting: SHB Joey Pacheco
|
0-0: Called Strike 0-1: 2-RUN HOME RUN (Flyball, 89XD, EV 116.2 MPH), Distance : 453 ft
|
Batting: LHB Mark Marvin
|
0-0: Called Strike 0-1: Ball 1-1: Ball 2-1: Ball 3-1: Foul Ball, location: 2F 3-2: Foul Ball, location: 2F 3-2: Base on Balls
|
Batting: LHB Steve Anderson
|
0-0: Ball 1-0: Ball 2-0: Ball 3-0: Called Strike 3-1: Called Strike 3-2: Foul Ball, location: 2F 3-2: Base on Balls Mark Marvin to second
|
Batting: RHB Jonathan Fraire
|
0-0: Ball 1-0: Ball 2-0: Fly out, F8 (Line Drive, 78S, EV 101.9 MPH)
|
Top of the 3rd over - 2 runs, 2 hits, 0 errors, 2 left on base; Montreal 3 - Boston 0 |
BOTTOM OF THE 3RD |
Boston Red Sox batting - Pitching for Montreal Expos : RHP Steve Barrett
|
Batting: SHB Greg Shaw
|
0-0: Ball 1-0: Called Strike 1-1: Foul Ball, location: 2F 1-2: Foul Ball, location: 2F 1-2: Strikes out swinging
|
Batting: RHB Joe Sandoval
|
0-0: SINGLE (Line Drive, 8LS, EV 108.8 MPH)
|
Batting: RHB John Chiesa
|
Pickoff Throw to First - Out! 1-3 0-0: Called Strike 0-1: Foul Ball, location: 2F 0-2: Ball 1-2: Ball 2-2: Strikes out swinging
|
Bottom of the 3rd over - 0 runs, 1 hit, 0 errors, 0 left on base; Montreal 3 - Boston 0 |
TOP OF THE 4TH |
Montreal Expos batting - Pitching for Boston Red Sox : RHP Reece Nichols
|
Batting: SHB Lou Kroneman
|
0-0: Fly out, F8 (Line Drive, 8RS, EV 101.9 MPH)
|
Batting: RHB John Ham
|
0-0: Ground out 3-1 (Groundball, 34, EV 90.6 MPH)
|
Batting: RHB Eugênio Asceno
|
0-0: Swinging Strike 0-1: Swinging Strike 0-2: Ball 1-2: Foul Ball, location: 2F 1-2: Strikes out swinging
|
Top of the 4th over - 0 runs, 0 hits, 0 errors, 0 left on base; Montreal 3 - Boston 0 |
BOTTOM OF THE 4TH |
Boston Red Sox batting - Pitching for Montreal Expos : RHP Steve Barrett
|
Batting: RHB Alois Wollf
|
0-0: Ball 1-0: Foul Ball, location: 2F 1-1: Foul Ball, location: 2F 1-2: Fly out, F1 (Line Drive, P, EV 66.2 MPH)
|
Batting: LHB Kevin McCormic Jr.
|
0-0: Ball 1-0: SINGLE (Groundball, 4MD, EV 103.1 MPH)
|
Batting: RHB David Price Jr.
|
0-0: Foul Ball, location: 2F 0-1: Ball 1-1: Called Strike 1-2: Ball 2-2: Ball 3-2: Foul Ball, location: 2F 3-2: Fly out, F8 (Flyball, 8LD, EV 108.1 MPH)
|
Batting: LHB Jarrett Mordecai
|
0-0: Ball 1-0: Foul Ball, location: 2F 1-1: SINGLE (Groundball, 34D, EV 96.2 MPH) Kevin McCormic Jr. to second Runner from 2nd tries for 3rd, SAFE, throw by RF made to third
|
Batting: LHB Sakae Kasahara
|
0-0: DOUBLE (Line Drive, 89XD, EV 110.6 MPH) Kevin McCormic Jr. scores Jarrett Mordecai to third Runner from 3rd tries for Home, SAFE, throw by RF to home
|
Batting: RHB Jose Diaz
|
0-0: Called Strike 0-1: Ball 1-1: Fly out, F9 (Flyball, 89M, EV 80.0 MPH)
|
Bottom of the 4th over - 2 runs, 3 hits, 0 errors, 1 left on base; Montreal 3 - Boston 2 |
TOP OF THE 5TH |
Montreal Expos batting - Pitching for Boston Red Sox : RHP Reece Nichols
|
Batting: LHB Bill McGregor
|
0-0: Ball 1-0: Foul Ball, location: 2F 1-1: Ball 2-1: Foul Ball, location: 2F 2-2: Foul Ball, location: 2F 2-2: Ball 3-2: Strikes out swinging
|
Batting: RHB Steve French
|
0-0: Called Strike 0-1: Ball 1-1: Foul Ball, location: 2F 1-2: Strikes out swinging
|
Batting: SHB Joey Pacheco
|
0-0: Ground out U3 (Groundball, 3L, EV 106.2 MPH)
|
Top of the 5th over - 0 runs, 0 hits, 0 errors, 0 left on base; Montreal 3 - Boston 2 |
BOTTOM OF THE 5TH |
Boston Red Sox batting - Pitching for Montreal Expos : RHP Steve Barrett
|
Batting: SHB Greg Shaw
|
0-0: Called Strike 0-1: Ball 1-1: Foul Ball, location: 2F 1-2: Foul Ball, location: 2F 1-2: Strikes out swinging
|
Batting: RHB Joe Sandoval
|
0-0: Ball 1-0: Ground out 6-3 (Groundball, 6, EV 80.6 MPH)
|
Batting: RHB John Chiesa
|
0-0: Fly out, F6 (Popup, P, EV 86.2 MPH)
|
Bottom of the 5th over - 0 runs, 0 hits, 0 errors, 0 left on base; Montreal 3 - Boston 2 |
TOP OF THE 6TH |
Montreal Expos batting - Pitching for Boston Red Sox : RHP Reece Nichols
|
Batting: LHB Mark Marvin
|
0-0: Foul Ball, location: 2F 0-1: Ground out 4-3 (Groundball, 4, EV 88.8 MPH)
|
Batting: LHB Steve Anderson
|
0-0: Ground out 6-3 (Groundball, 6, EV 92.5 MPH)
|
Batting: RHB Jonathan Fraire
|
0-0: Ball 1-0: Ball 2-0: TRIPLE (Line Drive, 89XD, EV 106.2 MPH)
|
Batting: SHB Lou Kroneman
|
0-0: Ball 1-0: DOUBLE (Flyball, 8LXD, EV 109.4 MPH) Jonathan Fraire scores
|
Batting: RHB John Ham
|
0-0: Ball 1-0: Ground out 6-3 (Groundball, 56, EV 104.4 MPH)
|
Top of the 6th over - 1 run, 2 hits, 0 errors, 1 left on base; Montreal 4 - Boston 2 |
BOTTOM OF THE 6TH |
Boston Red Sox batting - Pitching for Montreal Expos : RHP Steve Barrett
|
Batting: RHB Alois Wollf
|
0-0: Foul Ball, location: 2F 0-1: Called Strike 0-2: Foul Ball, location: 2F 0-2: Fly out, F8 (Line Drive, 8LM, EV 95.6 MPH)
|
Batting: LHB Kevin McCormic Jr.
|
0-0: Ball 1-0: Ball 2-0: Foul Ball, location: 2F 2-1: Ball 3-1: SOLO HOME RUN (Flyball, 9D, EV 106.9 MPH), Distance : 406 ft
|
Batting: RHB David Price Jr.
|
0-0: Ball 1-0: Foul Ball, location: 2F 1-1: Ball 2-1: Fly out, F8 (Flyball, 8LD, EV 102.5 MPH)
|
Batting: LHB Jarrett Mordecai
|
0-0: SOLO HOME RUN (Flyball, 9LD, EV 93.1 MPH), Distance : 329 ft
|
Batting: LHB Sakae Kasahara
|
0-0: Foul Ball, location: 2F 0-1: Ground out 2-3 (Groundball, 2R, EV 74.4 MPH)
|
Bottom of the 6th over - 2 runs, 2 hits, 0 errors, 0 left on base; Montreal 4 - Boston 4 |
TOP OF THE 7TH |
Montreal Expos batting - Pitching for Boston Red Sox : RHP Reece Nichols
|
Batting: RHB Eugênio Asceno
|
0-0: Called Strike 0-1: Swinging Strike 0-2: Foul Ball, location: 2F 0-2: Ball 1-2: Foul Ball, location: 2F 1-2: Fly out, F7 (Flyball, 78M, EV 91.2 MPH)
|
Pitching: RHP Jon Mercado
|
|
Batting: LHB Bill McGregor
|
0-0: Foul Ball, location: 2F 0-1: Ball 1-1: Ball 2-1: Foul Ball, location: 2F 2-2: Ball 3-2: Foul Ball, location: 2F 3-2: Base on Balls
|
Batting: RHB Steve French
|
0-0: Ball 1-0: Foul Ball, location: 2F 1-1: Grounds into double play, 5-4-3 (Groundball, 5L, EV 91.2 MPH)
|
Top of the 7th over - 0 runs, 0 hits, 0 errors, 0 left on base; Montreal 4 - Boston 4 |
BOTTOM OF THE 7TH |
Boston Red Sox batting - Pitching for Montreal Expos : RHP Steve Barrett
|
Batting: RHB Jose Diaz
|
0-0: Ball 1-0: SINGLE (Groundball, 6D, EV 106.9 MPH)
|
Batting: SHB Greg Shaw
|
0-0: Called Strike 0-1: Called Strike 0-2: Foul Ball, location: 2F 0-2: Fly out, F8 (Flyball, 89M, EV 91.2 MPH)
|
Batting: RHB Joe Sandoval
|
0-0: Ball 1-0: Grounds into double play, 6-4-3 (Groundball, 6, EV 96.2 MPH)
|
Bottom of the 7th over - 0 runs, 1 hit, 0 errors, 0 left on base; Montreal 4 - Boston 4 |
TOP OF THE 8TH |
Montreal Expos batting - Pitching for Boston Red Sox : RHP Jon Mercado
|
Pitching: LHP Danny Schneible
|
|
Batting: SHB Joey Pacheco
|
0-0: Ball 1-0: Ball 2-0: Called Strike 2-1: Ball 3-1: Foul Ball, location: 2F 3-2: Fly out, F8 (Flyball, 8LD, EV 93.8 MPH)
|
Pinch Hitting: RHB Tommie Eaton
|
0-0: Ball 1-0: Ball 2-0: Ball 3-0: Base on Balls
|
Pinch Hitting: RHB Tommy Mize
|
0-0: Ball 1-0: Ball 2-0: Ball 3-0: Base on Balls Tommie Eaton to second
|
Batting: RHB Jonathan Fraire
|
0-0: Ball 1-0: SINGLE (Line Drive, 89S, EV 91.2 MPH) Tommie Eaton to third Tommy Mize to second Runner from 3rd tries for Home, SAFE, throw by RF to home
|
Batting: SHB Lou Kroneman
|
0-0: Called Strike 0-1: Ball 1-1: Foul Ball, location: 2F 1-2: Strikes out looking
|
Pitching: RHP Frank Picaso
|
|
Batting: RHB John Ham
|
0-0: Foul Ball, location: 2F 0-1: Ball 1-1: Swinging Strike 1-2: Strikes out swinging
|
Top of the 8th over - 1 run, 1 hit, 0 errors, 2 left on base; Montreal 5 - Boston 4 |
BOTTOM OF THE 8TH |
Boston Red Sox batting - Pitching for Montreal Expos : RHP Steve Barrett
|
Now at 1B: Lou Kroneman
|
|
Now at 2B: Danny Diaz
|
|
Now at 3B: Tommie Eaton
|
|
Pinch Hitting: SHB Willie Koviak
|
0-0: Ball 1-0: Called Strike 1-1: SOLO HOME RUN (Flyball, 9LD, EV 91.9 MPH), Distance : 340 ft
|
Pitching: RHP Nelson Dawson
|
|
Batting: RHB Alois Wollf
|
0-0: Ground out 5-3 (Groundball, 56S, EV 84.4 MPH)
|
Batting: LHB Kevin McCormic Jr.
|
0-0: Called Strike 0-1: Swinging Strike 0-2: Ball 1-2: Ball 2-2: Ball 3-2: Strikes out swinging
|
Batting: RHB David Price Jr.
|
0-0: Called Strike 0-1: Ball 1-1: Hit by Pitch
|
Batting: LHB Jarrett Mordecai
|
0-0: Ball 1-0: Foul Ball, location: 2F 1-1: Foul Ball, location: 2F 1-2: Ball 2-2: 2-RUN HOME RUN (Flyball, 89XD, EV 108.8 MPH), Distance : 442 ft
|
Pitching: LHP Kyle Schlosschlonghair
|
|
Batting: RHB Nick Esteves
|
0-0: Foul Ball, location: 2F 0-1: Swinging Strike 0-2: Ball 1-2: Ball 2-2: Strikes out swinging
|
Bottom of the 8th over - 3 runs, 2 hits, 0 errors, 0 left on base; Montreal 5 - Boston 7 |
TOP OF THE 9TH |
Montreal Expos batting - Pitching for Boston Red Sox : RHP Frank Picaso
|
Now at 2B: Willie Koviak
|
|
Now at 3B: Jose Diaz
|
|
Now in CF: Joe Sandoval
|
|
Now in RF: Roberto Morales
|
|
Batting: RHB Eugênio Asceno
|
0-0: Called Strike 0-1: Swinging Strike 0-2: SINGLE (Groundball, 56D, EV 108.1 MPH)
|
Batting: LHB Bill McGregor
|
0-0: Fly out, F3 (Popup, 23F, EV 88.1 MPH)
|
Batting: RHB Steve French
|
0-0: Called Strike 0-1: Ball 1-1: Ball 2-1: Ball 3-1: Foul Ball, location: 2F 3-2: Foul Ball, location: 2F 3-2: Foul Ball, location: 2F 3-2: Fly out, F7 (Line Drive, 78M, EV 93.1 MPH)
|
Batting: SHB Joey Pacheco
|
0-0: Ball 1-0: Ball 2-0: Called Strike 2-1: Ball 3-1: DOUBLE (Line Drive, 9LM, EV 101.2 MPH) Eugênio Asceno to third
|
Batting: RHB Tommie Eaton
|
0-0: Foul Ball, location: 2F 0-1: Ball 1-1: Ball 2-1: Foul Ball, location: 2F 2-2: Ground out 2-3 (Groundball, 15S, EV 76.2 MPH)
|
Top of the 9th over - 0 runs, 2 hits, 0 errors, 2 left on base; Montreal 5 - Boston 7 |
|